 Dungeon Crawl Stone Soup version 0.29.1-13-g9f3cf754e1 (webtiles) character file.

Game seed: 6717528460266341267

63 theswoord the Cudgeller (level 4, -3/28 HPs)
             Began as a Gargoyle Fighter on Feb 8, 2023.
             Slain by an iron imp (5 damage)
             ... summoned by Eustachio
             ... on level 4 of the Dungeon.
             The game lasted 00:01:31 (1200 turns).

theswoord the Cudgeller (Gargoyle Fighter)          Turns: 1200, Time: 00:01:32

Health: -3/28      AC: 10    Str: 19    XL:     4   Next: 10%
Magic:  4/4        EV:  9    Int:  9    God:
Gold:   76         SH:  4    Dex: 11    Spells: 3/3 levels left

rFire   . . .      SeeInvis .   a - +0 flail
rCold   . . .      Faith    .   c - +0 buckler
rNeg    + . .      Spirit   .   b - +0 scale mail
rPois   ∞          Reflect  .   (no helmet)
rElec   +          Harm     .   (no cloak)
rCorr   .          Rampage  .   (no gloves)
Will    .....                   (no boots)
Stlth   ..........              (no amulet)
HPRegen 0.09/turn               (no ring)
MPRegen 0.09/turn               (no ring)

@: mighty
A: sickness immunity, AC +3, negative energy resistance 1, electricity
resistance, torment resistance 1, petrification resistance
a: no special abilities


You were on level 4 of the Dungeon.
You visited 1 branch of the dungeon, and saw 3 of its levels.

You collected 76 gold pieces.

Inventory:

Hand Weapons
 a - a +0 flail (weapon)
Armour
 b - a +0 scale mail (worn)
 c - a +0 buckler (worn)
Scrolls
 e - a scroll of identify {unknown}
 j - a scroll of vulnerability {unknown}
Potions
 f - 2 potions of lignification {unknown}
 g - 3 potions of haste {unknown}
 h - a potion of attraction {unknown}
 i - 2 potions of heal wounds {unknown}
 k - 3 potions of ambrosia {unknown}
 l - 2 potions of mutation {unknown}


   Skills:
 - Level 3.2 Fighting
 + Level 4.2 Maces & Flails
 - Level 3.2 Armour
 - Level 3.2 Shields


You had 3 spell levels left.
You didn't know any spells.
Your spell library was empty.

Dungeon Overview and Level Annotations

Branches:
Dungeon (2/15)

Altars:

Annotations:
D:4 Eustachio


Innate Abilities, Weirdness & Mutations

You are immune to sickness and miasma.
Your stone body is resilient. (AC +3)
You are immune to poison.
You resist negative energy. (rN+)
You are resistant to electric shocks. (rElec)
You are resistant to unholy torment.
You are immune to petrification.


Message History

You block the ufetubus's attack.
The ufetubus hits you but does no damage.
You sock the river rat!
The river rat is severely wounded.
The river rat barely misses you. The ufetubus barely misses you.
The ufetubus hits you but does no damage.
The river rat bites you but does no damage.
The ufetubus barely misses you.
The ufetubus hits you but does no damage.
You hit the river rat.
You kill the river rat!
The river rat's corpse disappears in a puff of smoke!
The ufetubus hits you.
* * * LOW HITPOINT WARNING * * *
You block the ufetubus's attack. Eustachio barely misses you.
Unknown command.
You miss Eustachio.
The ufetubus disappears in a puff of smoke!
You block Eustachio's attack.
You sock Eustachio!
Eustachio is moderately wounded.
Eustachio hits you with a +0 rapier.
* * * LOW HITPOINT WARNING * * *
You thump Eustachio!
Eustachio is heavily wounded.
Eustachio screams, "At last I'll have my revenge!"
Eustachio mumbles some strange words.
Eustachio blinks!
Eustachio casts a spell.
Eustachio drinks a potion.
Eustachio is healed!
Eustachio closely misses you.
You closely miss Eustachio.
Eustachio is moderately wounded.
Eustachio hits you with a +0 rapier!
* * * LOW HITPOINT WARNING * * *
The iron imp closely misses you.
Eustachio mumbles some strange words.
Eustachio blinks!
You completely miss the iron imp. The iron imp hits you.
You die...

.........#.#
##..:....#.#
.........#.####.
................
.............#
####....#.####
#......@.....#
#§5........#.### .#
#.@.....[.......
...####..#......###
#...##.#.....###
#.......†...#
####.##.###.#
#)##.# #.# #.##.#
#......# #.##.
###....# ... ....#


You could see Eustachio and an iron imp (summoned).

Vanquished Creatures
  2 adders (D:4)
  A worm (D:2)
  An orc (D:4)
  2 ball pythons (D:1)
  A bat (D:1)
  4 endoplasms
  2 giant cockroaches (D:1)
  A goblin (D:1)
  4 hobgoblins
  11 jackals (D:1)
  2 quokkas (D:1)
  A kobold (D:1)
  3 rats
35 creatures vanquished.

Vanquished Creatures (others)
  2 plants (D:1)
2 creatures vanquished.

Grand Total: 37 creatures vanquished

Notes
Turn   | Place    | Note
-------+----------+-------------------------------------------
     0 | D:1      | theswoord the Gargoyle Fighter began the quest for the Orb.
     0 | D:1      | Reached XP level 1. HP: 14/14 MP: 1/1
    43 | D:1      | Reached XP level 2. HP: 12/19 MP: 2/2
   210 | D:1      | Reached skill level 3 in Maces & Flails
   540 | D:1      | Reached XP level 3. HP: 23/23 MP: 3/3
   955 | D:1      | Found a faded altar of an unknown god.
  1143 | D:2      | You fall into a shaft and drop 2 floors!
  1148 | D:4      | Reached skill level 4 in Maces & Flails
  1154 | D:4      | Noticed Eustachio
  1180 | D:4      | Reached XP level 4. HP: 23/28 MP: 4/4
  1200 | D:4      | Slain by an iron imp

Skill      XL: |  1  2  3 |
---------------+----------+-----
Maces & Flails | 3 4 |  4.2
Fighting       | |  3.2
Armour         | |  3.2
Shields        | |  3.2

Action                   |  1- 3 |  4- 6 || total
-------------------------+-------+-------++-------
Melee: Flail             |   118 |    15 ||   133
  Use: Scroll            |     3 |       ||     3
       Potion            |     1 |       ||     1
Armor: Scale mail        |    89 |    12 ||   101
Dodge: Dodged            |    57 |    11 ||    68
Block: Buckler           |    36 |     6 ||    42

Levels and vault maps discovered:
D:1:      eino_arrival_water_star, layout_loops_ring,
          shapermc_ecumenical_altar_hornbeckon
D:2:      layout_loops_corners
D:4:      layout_rooms, nicolae_overflow_hidden_temple, uniq_robin, uniq_edmund,
          uniq_eustachio
